 Dungeon Crawl Stone Soup version 0.29.1-12-g30fa7ad0bf (webtiles) character file.

Game seed: 14450042733578317174

68813 mopl the Polluter (level 15, -11/117 (119) HPs)
             Began as a Formicid Venom Mage on Jan 16, 2023.
             Was a High Priest of Okawaru.
             Mangled by a very large slime creature (19 damage)
             ... on level 13 of the Dungeon on Jan 17, 2023.
             The game lasted 01:00:07 (23360 turns).

mopl the Polluter (Formicid Venom Mage)            Turns: 23360, Time: 01:00:07

HP:   -11/117 (119) AC: 20    Str: 20    XL:     15   Next: 71%
MP:   19/21         EV: 23    Int: 15    God:    Okawaru [*****.]
Gold: 1843          SH: 10    Dex: 14    Spells: 12/20 levels left

rFire   . . .      SeeInvis +   a - +8 trident of the Octopus King {venom, rElec rPois}
rCold   + + .      Faith    .   M - +2 buckler
rNeg    . . .      Spirit   .   j - +3 troll leather armour {Snorg}
rPois   +          Reflect  .   (helmet unavailable)
rElec   +          Harm     .   O - +1 cloak of Context {rPois rC++}
rCorr   .          Rampage  .   g - +0 pair of gloves
Will    +....                   V - +0 pair of boots of Xuantif {Stlth+}
Stlth   ++++......              (no amulet)
HPRegen 1.09/turn               E - +4 ring of evasion
MPRegen 0.17/turn               W - +4 ring of protection

@: heroic, lightly drained
A: permanent stasis, dig shafts and tunnels, antennae 3, four strong arms
a: Dig, Shaft Self, Renounce Religion, Heroism, Finesse, Duel


You were on level 13 of the Dungeon.
You worshipped Okawaru.
Okawaru was extremely pleased with you.
You visited 4 branches of the dungeon, and saw 21 of its levels.
You also visited: Sewer and Ossuary.

You collected 2627 gold pieces.
You spent 784 gold pieces at shops.

Inventory:

Hand Weapons
 a - the +8 trident of the Octopus King (weapon) {venom, rElec rPois}
   (Okawaru gifted it to you on level 2 of the Orcish Mines)

   It poisons the flesh of those it strikes.
   rElec:     It insulates you from electricity.
   rPois:     It protects you from poison.
 b - a +4 scimitar of flaming
 z - a +0 demon trident
Missiles
 m - 39 poisoned darts
 u - 6 boomerangs
 T - 3 throwing nets
Armour
 c - +0 acid dragon scales
 g - a +0 pair of gloves (worn)
 j - a +3 troll leather armour (worn) {Snorg}
 L - a +1 scale mail of fire resistance
 M - a +2 buckler (worn)
 O - the +1 cloak of Context (worn) {rPois rC++}
   (Okawaru gifted it to you on level 5 of the Lair of Beasts)

   rC:        It greatly protects you from cold.
   rPois:     It protects you from poison.
 V - the +0 pair of boots of Xuantif (worn) {Stlth+}
   (You bought it in a shop on level 2 of the Orcish Mines)

   Stlth:     It makes you more stealthy.
Jewellery
 t - a ring of flight
 E - a +4 ring of evasion (left hand)
 W - a +4 ring of protection (right hand)
Wands
 d - a wand of iceblast (4)
 B - a wand of light (16)
 D - a wand of flame (49)
 Y - a wand of polymorph (3)
Scrolls
 f - 4 scrolls of vulnerability
 k - 5 scrolls of fear
 l - a scroll of enchant armour
 s - 2 scrolls of immolation
 v - 4 scrolls of magic mapping
 w - 2 scrolls of identify
 C - 4 scrolls of poison
 J - 4 scrolls of fog
 N - a scroll of silence {!r}
Potions
 e - 2 potions of ambrosia
 h - 3 potions of curing
 r - 4 potions of invisibility
 A - 2 potions of magic
 F - 3 potions of heal wounds
 G - 2 potions of cancellation
 I - 3 potions of might
 K - 3 potions of lignification {!q}
 X - 3 potions of resistance
Miscellaneous
 i - a piece from Xom's chessboard (13/15)


   Skills:
 + Level 11.6(16.6) Fighting
 + Level 5.0(10.0) Throwing
 + Level 11.7(16.7) Armour
 + Level 10.2(15.2) Dodging
 - Level 2.4(7.4) Stealth
 + Level 9.8(14.8) Shields
 - Level 3.0 Spellcasting
 - Level 1.1 Transmutations
 + Level 16.8 Poison Magic
 - Level 8.0 Invocations
 + Level 10.6 Evocations


You had 12 spell levels left.
You knew the following spells:

 Your Spells              Type           Power      Damage    Failure   Level
a - Sting                 Tmut/Pois      100%       1d8       1%          1
d - Mephitic Cloud        Conj/Pois/Air  19%        N/A       8%          3
o - Olgreb's Toxic Radia  Pois           51%        N/A       1%          4

Your spell library contained the following spells:

 Spells                   Type           Power      Damage    Failure   Level
 Poisonous Vapours        Pois/Air       54%        N/A       1%          2
 Foxfire                  Conj/Fire      8%         2x1d4     24%         1
 Magic Dart               Conj           8%         1d3       24%         1
 Corpse Rot               Necr/Pois/Air  19%        N/A       24%         4
 Searing Ray              Conj           4%         2d4       36%         2
 Conjure Flame            Conj/Fire      2%         6-21      58%         3
 Dazzling Flash           Conj/Hex       4%         N/A       58%         3
 Inner Flame              Hex/Fire       2%         N/A       58%         3
 Ozocubu's Armour         Ice            2%         N/A       58%         3
 Portal Projectile        Hex/Tloc       4%         N/A       58%         3
 Stone Arrow              Conj/Erth      4%         3d7       58%         3
 Dispel Undead            Necr           2%         3d7       94%         4
 Flame Wave               Conj/Fire      2%         2d4       94%         4
 Fulminant Prism          Conj/Hex       1%         3d6       94%         4
 Iskenderun's Mystic Bla  Conj/Tloc      2%         2d3       94%         4
 Blade Hands              Tmut           2%         N/A       99%         5
 Agony                    Necr           2%         N/A       100%        5
 Borgnjor's Vile Clutch   Necr/Erth      1%         N/A       100%        5
 Metabolic Englaciation   Hex/Ice        1%         N/A       100%        5
 Silence                  Hex/Air        1%         N/A       100%        5
 Starburst                Conj/Fire      1%         6d3       100%        6
 Lehudib's Crystal Spear  Conj/Erth      1%         10d2      100%        8
 Tukima's Dance           Hex            Unusable   N/A       N/A         3
 Animate Armour           Summ/Erth      Unusable   N/A       N/A         4
 Animate Dead             Necr           Unusable   N/A       N/A         4
 Death Channel            Necr           Unusable   N/A       N/A         6
 Simulacrum               Ice/Necr       Unusable   N/A       N/A         6

Dungeon Overview and Level Annotations

Branches:
Dungeon (13/15)            Temple (1/1) D:7            Lair (5/5) D:10
  Swamp (0/4) Lair:3        Snake (0/4) Lair:2        Slime (0/5) Lair:5
    Orc (2/2) D:9             Elf (0/3) Orc:2         Sewer (visited)
Ossuary (visited)
 Vaults: D:13-14

Altars:
Ashenzari
Cheibriados
Dithmenos
Elyvilon
Fedhas
Gozag
Hepliaklqana
Kikubaaqudgha
Makhleb
Nemelex Xobeh
Okawaru
Qazlal
Ru
Sif Muna
Trog
Uskayaw
Vehumet
Wu Jian
Xom
Yredelemnul
Zin
The Shining One
Jiyva

Shops:
Orc:2 :([**

Annotations:
D:12 3 runed translucent doors, Colokkon's ghost, journeyman KoBr; Damy's ghost, journeyman MiBe; diceflayer's ghost, journeyman DsHu; mopl's ghost, journeyman DjTm
Lair:4 3 runed translucent doors, Niceneg's ghost, journeyman VSTm
Lair:5 exclusion: 5 oklob plants


Innate Abilities, Weirdness & Mutations

You cannot be hasted, slowed, berserked, paralysed or teleported.
You can dig through walls and to a lower floor.
You have a pair of large antennae on your head. (SInv)
Your four strong arms can wield two-handed weapons with a shield.


Message History

The very large slime creature stops moving altogether!
The helpless very large slime creature fails to defend itself.
You impale the very large slime creature!!
The very large slime creature is heavily wounded.
The helpless very large slime creature fails to defend itself.
You puncture the very large slime creature!
The very large slime creature is heavily wounded.
The helpless very large slime creature fails to defend itself.
You impale the very large slime creature!!
The very large slime creature looks as sick as possible!
The very large slime creature is severely wounded.
The very large slime creature is no longer petrified.
The very large slime creature barely misses you.
You barely miss the very large slime creature.
The very large slime creature is severely wounded.
The very large slime creature closely misses you.
The very large slime creature hits you.
You barely miss the very large slime creature.
The very large slime creature is severely wounded.
You block the very large slime creature's attack.
You puncture the very large slime creature!
The very large slime creature is severely wounded.
The very large slime creature completely misses you.
You puncture the very large slime creature!
The very large slime creature is severely wounded.
The very large slime creature completely misses you.
You puncture the very large slime creature!
The very large slime creature is almost dead.
You block the very large slime creature's attack.
You puncture the very large slime creature!
The very large slime creature is almost dead.
The very large slime creature hits you!
You hit the very large slime creature but do no damage.
The very large slime creature is almost dead.
The very large slime creature hits you!!!
* * * LOW HITPOINT WARNING * * *
You feel like a meek peon again.
You gain the combat prowess of a mighty hero.
The very large slime creature hits you!!
You die...

### ..# #.# #.# #####.##
#......# #######
#......####......
#########........##......
#......J@<.....#.##......
#.#######......#..#......
#.# #......##.'.....>
........#
#......####......
......### ####.###
######' #.#### ..# ####.
#.## #.... #. ##'###
#.....


You could see a very large slime creature (very poisoned).

Vanquished Creatures
  Gastronok (Lair:1)
  Snorg (Orc:1)
  An ettin (Orc:2)
  Josephine (D:12)
  Fannar (Lair:1)
  Harold (Orc:1)
  7 hydras
  A boulder beetle (D:13)
  Erica (Orc:1)
  A merfolk avatar (Lair:5)
  4 two-headed ogres
  A death yak (Lair:5)
  2 orc high priests
  Nergalle (Lair:3)
  Amaemon (D:9)
  3 skeletal warriors (D:12)
  2 sea snakes
  3 orc knights (Orc:2)
  A harpy (Lair:5)
  3 bog bodies
  A deep elf zephyrmancer (Orc:2)
  A deep elf pyromancer (Orc:2)
  3 manticores
  13 elephants
  A cyclops (D:12)
  6 black mambas
  An orange demon (D:9)
  A cane toad (shapeshifter) (D:10)
  10 cane toads
  Psyche (D:8)
  9 komodo dragons
  3 unseen horrors
  5 rime drakes
  An efreet (D:12)
  6 trolls
  A wind drake (Lair:5)
  4 hornets
  3 polar bears
  29 blink frogs
  The ghost of IHuginn the Ducker, an amateur OpBe of Trog (D:4)
  A snapping turtle (Lair:5)
  9 wyverns
  A vampire (D:9)
  A shadow (D:9)
  36 yaks
  3 wraiths (D:12)
  2 basilisks
  4 steam dragons
  8 vampire mosquitoes (D:12)
  4 wargs
  4 nagas (Lair:2)
  3 acid dragons
  3 swamp worms
  14 water moccasins
  A swamp drake (Orc:2)
  3 black bears
  36 orc warriors
  A sky beast (D:6)
  3 ice beasts
  6 ogres
  12 centaurs
  A phantom (D:5)
  4 kobold brigands
  Blork the orc (D:4)
  10 bullfrogs
  A gnoll sergeant (D:11)
  4 scorpions
  A necrophage (D:7)
  2 water moccasin zombies (Ossuary)
  7 wights
  10 killer bees
  An electric eel (Lair:3)
  3 howler monkeys (D:12)
  2 hounds (D:4)
  2 jellies
  17 orc priests
  An iron imp (Orc:2)
  Crazy Yiuf (D:4)
  3 iguanas
  Jessica (D:2)
  21 orc wizards
  14 hell rats
  2 mummies (Ossuary)
  14 adders
  5 gnolls (D:11)
  15 river rats
  A shadow imp (Orc:2)
  4 white imps
  2 ufetubi
  5 adder zombies (Ossuary)
  3 worms
  4 dart slugs
  106 orcs
  6 bats
  11 endoplasms
  9 giant cockroaches
  7 gnoll zombies (Ossuary)
  5 goblins
  10 hobgoblins
  3 jackals
  13 quokkas
  13 ball pythons
  15 frilled lizards
  2 goblin zombies (D:6)
  6 hobgoblin zombies (Ossuary)
  20 kobolds
  4 kobold zombies (Ossuary)
  2 orc zombies (Ossuary)
  19 rats
705 creatures vanquished.

Vanquished Creatures (others)
  A cane toad (Lair:4)
  An unseen horror (D:10)
  A crimson imp (Orc:2)
  2 orc wizards (Orc:2)
  3 orcs (Orc:2)
  46 fungi
  60 plants
114 creatures vanquished.

Grand Total: 819 creatures vanquished

Notes
Turn   | Place    | Note
-------+----------+-------------------------------------------
     0 | D:1      | mopl the Formicid Venom Mage began the quest for the Orb.
     0 | D:1      | Reached XP level 1. HP: 13/13 MP: 3/3
   110 | D:1      | Reached XP level 2. HP: 3/19 MP: 0/5
   665 | D:1      | Reached XP level 3. HP: 11/24 MP: 0/7
   938 | D:1      | You fall into a shaft and drop 1 floor!
  1100 | D:2      | Reached skill level 3 in Spellcasting
  1128 | D:2      | Reached skill level 5 in Poison Magic
  1301 | D:2      | Noticed Jessica
  1307 | D:2      | Killed Jessica
  1308 | D:2      | Reached XP level 4. HP: 25/30 MP: 1/8
  1559 | D:2      | Reached skill level 6 in Poison Magic
  1946 | D:2      | Reached XP level 5. HP: 18/35 MP: 1/9
  1951 | D:2      | Learned a level 4 spell: Olgreb's Toxic Radiance
  2237 | D:3      | Found a glowing drain.
  2246 | Sewer    | Entered a sewer
  2327 | Sewer    | Reached skill level 7 in Poison Magic
  2480 | Sewer    | Noticed a bullfrog
  2485 | Sewer    | Killed a bullfrog
  2486 | Sewer    | Reached skill level 8 in Poison Magic
  2486 | Sewer    | Reached XP level 6. HP: 31/41 MP: 1/10
  3615 | D:4      | Reached skill level 9 in Poison Magic
  3615 | D:4      | Reached XP level 7. HP: 46/46 MP: 6/11
  3640 | D:4      | Reached skill level 10 in Poison Magic
  3902 | D:4      | Reached skill level 2 in Dodging
  3942 | D:4      | Identified the +4 ring mail of the Falcon {rN+++ Int+3
                  | Dex-5}
  3969 | D:4      | Found a runed translucent door.
  3974 | D:4      | Learned a level 3 spell: Mephitic Cloud
  3974 | D:4      | Noticed Crazy Yiuf
  3987 | D:4      | Killed Crazy Yiuf
  3988 | D:4      | Reached skill level 1 in Fighting
  3988 | D:4      | Reached skill level 1 in Armour
  4317 | D:4      | Found a snail-covered altar of Cheibriados.
  4388 | D:4      | Noticed Blork the orc
  4403 | D:4      | Killed Blork the orc
  4404 | D:4      | Reached XP level 8. HP: 23/55 MP: 4/12
  4677 | D:4      | Reached skill level 2 in Fighting
  4677 | D:4      | Reached skill level 2 in Armour
  4680 | D:4      | Found a runed translucent door.
  4680 | D:4      | Noticed IHuginn's ghost (amateur OpBe)
  4720 | D:4      | Found a runed translucent door.
  4761 | D:4      | Found a shadowy altar of Dithmenos.
  4874 | D:5      | Entered Level 5 of the Dungeon
  4885 | D:4      | Reached skill level 3 in Dodging
  5020 | D:5      | Noticed a water elemental
  5323 | D:5      | Reached skill level 3 in Fighting
  5323 | D:5      | Reached skill level 3 in Armour
  5599 | D:5      | Found a stormy altar of Qazlal.
  5602 | D:5      | Noticed a fire elemental
  5602 | D:5      | Noticed an air elemental
  5615 | D:5      | Reached skill level 11 in Poison Magic
  5711 | D:5      | Reached XP level 9. HP: 65/65 MP: 9/13
  5867 | D:5      | Found a shimmering blue altar of Sif Muna.
  5942 | D:6      | Identified the +1 robe of Hedonism {rC++ Int-3}
  6000 | D:6      | Found a runed translucent door.
  6019 | D:6      | Found a sand-covered staircase.
  6038 | Ossuary  | Entered an ossuary
  6069 | Ossuary  | Reached skill level 4 in Armour
  6155 | Ossuary  | Reached skill level 4 in Fighting
  6155 | Ossuary  | Reached skill level 4 in Dodging
  7075 | D:6      | Reached skill level 5 in Armour
  7076 | D:6      | Reached skill level 5 in Fighting
  7400 | D:6      | Reached skill level 12 in Poison Magic
  7401 | D:6      | Reached skill level 1 in Evocations
  7404 | D:6      | Reached skill level 5 in Dodging
  7421 | D:6      | Reached XP level 10. HP: 54/74 MP: 0/14
  7776 | D:7      | Found a staircase to the Ecumenical Temple.
  7786 | Temple   | Entered the Ecumenical Temple
  7794 | Temple   | Became a worshipper of Warmaster Okawaru
  7908 | D:7      | Reached skill level 2 in Evocations
  8240 | D:8      | Noticed a two-headed ogre
  8254 | D:8      | Killed a two-headed ogre
  8254 | D:8      | Reached * piety under Okawaru
  8255 | D:8      | Reached skill level 6 in Fighting
  8255 | D:8      | Reached skill level 6 in Armour
  8255 | D:8      | Reached skill level 1 in Invocations
  8255 | D:8      | Reached skill level 3 in Evocations
  8321 | D:8      | Reached skill level 2 in Invocations
  8325 | D:8      | Noticed Psyche
  8335 | D:8      | Killed Psyche
  8385 | D:8      | Reached ** piety under Okawaru
  9152 | D:9      | Reached skill level 3 in Invocations
  9192 | D:9      | Reached skill level 6 in Dodging
  9332 | D:9      | Noticed a two-headed ogre
  9356 | D:9      | Killed a two-headed ogre
  9357 | D:9      | Reached skill level 13 in Poison Magic
  9357 | D:9      | Reached skill level 4 in Evocations
  9357 | D:9      | Reached XP level 11. HP: 33/83 MP: 5/15
  9955 | D:9      | HP: 4/83 [vampire (11)]
  9961 | D:9      | Reached *** piety under Okawaru
  9962 | D:9      | Reached skill level 7 in Armour
 10298 | D:9      | Reached skill level 7 in Fighting
 10420 | D:9      | Reached skill level 4 in Invocations
 10451 | D:9      | Reached skill level 1 in Shields
 10724 | D:9      | Found a staircase to the Orcish Mines.
 10987 | D:9      | Noticed Amaemon
 11150 | D:9      | Killed Amaemon
 11150 | D:9      | Reached **** piety under Okawaru
 11151 | D:9      | Reached skill level 2 in Shields
 11496 | D:9      | Reached skill level 5 in Evocations
 11791 | Orc:1    | Entered Level 1 of the Orcish Mines
 11791 | Orc:1    | Noticed Erica
 11791 | Orc:1    | Noticed Harold
 11797 | Orc:1    | Killed Harold
 12208 | Orc:1    | Killed Erica
 12208 | Orc:1    | Reached ***** piety under Okawaru
 12209 | Orc:1    | Reached skill level 3 in Shields
 12209 | Orc:1    | Reached skill level 5 in Invocations
 12343 | Orc:1    | Noticed Snorg
 12384 | Orc:1    | Killed Snorg
 12887 | Orc:2    | Entered Level 2 of the Orcish Mines
 13056 | Orc:2    | Noticed an orc high priest
 13076 | Orc:2    | Noticed a soul eater
 13085 | Orc:1    | Killed an orc high priest
 13086 | Orc:1    | Reached skill level 7 in Dodging
 13086 | Orc:1    | Reached skill level 4 in Shields
 13086 | Orc:1    | Reached XP level 12. HP: 74/92 MP: 2/16
 13281 | Orc:2    | Reached skill level 8 in Armour
 13283 | Orc:2    | Reached skill level 8 in Fighting
 13551 | Orc:2    | Reached skill level 6 in Invocations
 13551 | Orc:2    | Reached skill level 6 in Evocations
 13725 | Orc:2    | Reached skill level 14 in Poison Magic
 14541 | Orc:2    | Found Tecis's Assorted Antiques.
 14549 | Orc:2    | Noticed an orc high priest
 14552 | Orc:2    | Noticed an ettin
 14557 | Orc:2    | Noticed a sun demon
 14559 | Orc:2    | Killed an orc high priest
 14559 | Orc:2    | Reached ****** piety under Okawaru
 14559 | Orc:2    | Received a gift from Okawaru
 14559 | Orc:2    | Found the +8 trident of the Octopus King {venom, rElec
                  | rPois}
 14581 | Orc:2    | Killed an ettin
 14582 | Orc:2    | Reached skill level 7 in Invocations
 14582 | Orc:2    | Reached skill level 7 in Evocations
 14598 | Orc:2    | Bought a scroll labelled GABIOTOCVA for 23 gold pieces
 14598 | Orc:2    | Bought a scroll labelled OHEMUE QIFA for 23 gold pieces
 14600 | Orc:2    | Found a staircase to the Elven Halls.
 14748 | Orc:2    | Reached skill level 9 in Armour
 15035 | Orc:2    | Found Zalon's Antique Armour Shop.
 15035 | Orc:2    | Found Etassa's Weapon Emporium.
 15037 | Orc:2    | Found Ygenkaon's Book Shoppe.
 15039 | Orc:2    | Found Huneheta's Assorted Antiques.
 15043 | Orc:2    | Bought a pair of twisted boots for 190 gold pieces
 15043 | Orc:2    | Identified the +0 pair of boots of Xuantif {Stlth+} (You
                  | bought it in a shop on level 2 of the Orcish Mines)
 15048 | Orc:2    | Bought an embroidered scarf for 160 gold pieces
 15057 | Orc:2    | Bought a scroll labelled FUCVOA SEONUSUE for 27 gold pieces
 15057 | Orc:2    | Bought a scroll labelled ICUKAI JUMAWK for 27 gold pieces
 15057 | Orc:2    | Bought a scroll labelled OHEMUE QIFA for 27 gold pieces
 15057 | Orc:2    | Bought a scratched bone ring for 135 gold pieces
 15088 | Orc:2    | Bought a scroll of magic mapping for 172 gold pieces
 15289 | D:4      | Killed IHuginn's ghost
 15290 | D:4      | Reached skill level 9 in Fighting
 15290 | D:4      | Reached skill level 8 in Dodging
 15417 | D:10     | Entered Level 10 of the Dungeon
 15426 | D:10     | Reached XP level 13. HP: 101/101 MP: 10/18
 15685 | D:10     | Identified the +1 ring mail "Molurgh" {Int+3 Dex+3}
                  | (Okawaru gifted it to you on level 10 of the Dungeon)
 15685 | D:10     | Received a gift from Okawaru
 15806 | D:10     | Found a staircase to the Lair.
 15823 | D:10     | Reached skill level 5 in Shields
 16889 | Lair:1   | Entered Level 1 of the Lair of Beasts
 16901 | Lair:1   | Reached skill level 8 in Invocations
 16980 | Lair:1   | Noticed Gastronok
 17007 | Lair:1   | Reached skill level 8 in Evocations
 17013 | Lair:1   | Killed Gastronok
 17014 | Lair:1   | Reached skill level 15 in Poison Magic
 17158 | Lair:1   | Noticed a six-headed hydra
 17170 | Lair:1   | Killed a one-headed hydra
 17171 | Lair:1   | Reached skill level 6 in Shields
 17387 | Lair:1   | Noticed Fannar
 17402 | Lair:1   | Killed Fannar
 17846 | Lair:1   | You fall into a shaft and drop 1 floor!
 17849 | Lair:2   | Noticed a six-headed hydra
 17857 | Lair:2   | Killed a one-headed hydra
 17858 | Lair:2   | Reached skill level 10 in Fighting
 17858 | Lair:2   | Reached skill level 10 in Armour
 17868 | Lair:2   | Noticed a seven-headed hydra
 17877 | Lair:2   | Killed a two-headed hydra
 17940 | Lair:2   | Received a gift from Okawaru
 18079 | Lair:1   | Identified the +5 trident "Aclunluu" {protect, rN++ Str+4
                  | Dex+2}
 18485 | Lair:2   | Reached XP level 14. HP: 105/110 MP: 16/20
 18502 | Lair:2   | Reached skill level 7 in Shields
 18540 | Lair:2   | Found a staircase to the Snake Pit.
 18681 | Lair:2   | Reached skill level 9 in Dodging
 19074 | Lair:2   | Reached skill level 1 in Throwing
 19587 | Lair:3   | Noticed Nergalle
 19600 | Lair:3   | Killed Nergalle
 19631 | Lair:3   | Reached skill level 9 in Evocations
 19632 | Lair:3   | Found a staircase to the Swamp.
 19647 | Lair:3   | Received a gift from Okawaru
 20112 | Lair:4   | Found a runed translucent gate.
 20112 | Lair:4   | Found a runed translucent gate.
 20112 | Lair:4   | Found a runed translucent gate.
 20112 | Lair:4   | Noticed an azure jelly
 20112 | Lair:4   | Noticed an acid blob
 20112 | Lair:4   | Noticed an azure jelly
 20112 | Lair:4   | Noticed an acid blob
 20112 | Lair:4   | Noticed an azure jelly
 20112 | Lair:4   | Noticed an acid blob
 20113 | Lair:4   | Found a viscous altar of Jiyva.
 20113 | Lair:4   | Noticed an acid blob
 20113 | Lair:4   | Noticed a quicksilver ooze
 20113 | Lair:4   | Noticed an acid blob
 20113 | Lair:4   | Noticed an acid blob
 20113 | Lair:4   | Noticed Niceneg's ghost (journeyman VSTm)
 20113 | Lair:4   | Noticed an acid blob
 20113 | Lair:4   | Noticed an acid blob
 20113 | Lair:4   | Noticed an acid blob
 20114 | Lair:4   | Noticed an azure jelly
 20303 | Lair:4   | Identified the +6 trident "Math" {vorpal, Contam rF++ rCorr
                  | Stlth+}
 20663 | Lair:5   | Entered Level 5 of the Lair of Beasts
 20675 | Lair:5   | Reached skill level 2 in Throwing
 20716 | Lair:5   | Reached skill level 8 in Shields
 20919 | Lair:5   | Reached skill level 16 in Poison Magic
 20958 | Lair:5   | Reached skill level 3 in Throwing
 21091 | Lair:5   | Found a staircase to the Slime Pits.
 21091 | Lair:5   | Found a viscous altar of Jiyva.
 21269 | Lair:5   | Reached skill level 11 in Armour
 21398 | Lair:5   | Reached skill level 11 in Fighting
 21404 | Lair:5   | Received a gift from Okawaru
 21411 | Lair:5   | Reached XP level 15. HP: 38/118 MP: 18/21
 21630 | Lair:5   | Reached skill level 4 in Throwing
 21630 | Lair:5   | Reached skill level 9 in Shields
 21630 | Lair:5   | Reached skill level 10 in Evocations
 21886 | Lair:5   | Reached skill level 10 in Dodging
 22000 | Lair:5   | Identified the +1 ring mail of Gravity {rPois}
 22048 | Lair:5   | Identified the +1 cloak of Context {rPois rC++} (Okawaru
                  | gifted it to you on level 5 of the Lair of Beasts)
 22048 | Lair:5   | Received a gift from Okawaru
 22793 | D:12     | Noticed Josephine
 22804 | D:12     | Killed Josephine
 23042 | D:12     | Reached skill level 5 in Throwing
 23181 | D:12     | Found a runed translucent gate.
 23182 | D:12     | Found a runed translucent gate.
 23183 | D:12     | Found a runed translucent gate.
 23194 | D:12     | Noticed mopl's ghost (journeyman DjTm)
 23194 | D:12     | Noticed Colokkon's ghost (journeyman KoBr)
 23194 | D:12     | Noticed diceflayer's ghost (journeyman DsHu)
 23195 | D:12     | Noticed Damy's ghost (journeyman MiBe)
 23197 | D:12     | Found the +7 Spriggan's Knife {stab, EV+4 Stlth+}
 23355 | D:13     | HP: 3/117 [very large slime creature (40)]
 23360 | D:13     | Mangled by a very large slime creature

Illustrated notes

Levels and vault maps discovered:
D:1:      mainiacjoe_arrival_reflecting_pool, layout_loops_ring,
          minmay_indecisive_spiral
D:2:      layout_loops_corners, nicolae_eternal_life,
          chequers_hall_statues_corner_a, grunt_ministairs_12,
          minmay_pentomino_pile, uniq_jessica
D:3:      layout_basic, cheibrodos_sewer_entry_drain, dk_noncrumbling_4,
          lexackson_kobold_supper
D:4:      layout_rooms, lemuel_crystal_altar,
          nicolae_dithmenos_through_a_glass_darkly, ebering_ghost_sewer_f,
          uniq_blork_the_orc, uniq_crazy_yiuf_cottage
D:5:      layout_rooms, kennysheep_orc_sif_temple,
          nicolae_qazlal_style_of_elements
D:6:      layout_loops_corners, enter_ossuary_4, lightli_church_of_beogh
D:7:      layout_loops_ring, minmay_temple_entry_sparse_star, nrook_campfire
D:8:      layout_gridville, uniq_psyche
D:9:      layout_basic, hiddenorc1_lemuel, serial_co_window_serial,
          co_window_of_opportunity_a, co_window_corner_a, co_window_paths_a,
          co_window_corner_a, co_window_paths_a, co_window_paths_a,
          co_window_corner_a, co_window_corner_a, co_window_of_opportunity_a,
          co_window_corner_b, co_window_corner_b, co_window_of_opportunity_c,
          co_window_corner_cb, co_window_corner_cb, co_window_broadway_c,
          uniq_amaemon
D:10:     layout_long_grid, minmay_lair_entry_grove
D:11:     layout_stronghold
D:12:     layout_roguey, gammafunk_ghost_cemetery, uniq_josephine
D:13:     layout_roguey, nicolae_straight_to_the_point
Temple:   nicolae_temple_no_exploring_needed
Lair:1:   lemuel_ratsnest, layout_small_grid, dreamdust_mushroom_princess,
          lemuel_fruit_tree, uniq_gastronok, uniq_fannar
Lair:2:   layout_loops_ring, minmay_snake_entry_guardpost_small
Lair:3:   layout_regular_city, nicolae_swamp_entry_splash_gauntlet,
          uniq_nergalle
Lair:4:   layout_regular_city, gammafunk_ghost_ooze
Lair:5:   gammafunk_lair_ancient_temple, layout_concentric_octagons,
          minmay_slime_entry_oklob_open, serial_bayou_pond_b
Orc:1:    layout_caves, uniq_erica, uniq_harold, uniq_snorg
Orc:2:    st_orc_rangers, layout_caves, serial_shops,
          nicolae_shop_overgrown_old_shop, basic_altar, hangedman_minor_magic

Skill      XL: |  1  2  3  4  5  6  7  8  9 10 11 12 13 14 15 |
---------------+----------------------------------------------+-----
Spellcasting   | 3 |  3.0
Poison Magic   | 5 6 8 9 10 11 12 13 14 15 16 | 16.8
Dodging        | 2 3 5 6 7 8 9 10 | 10.2
Fighting       | 1 3 5 6 7 9 10 11 | 11.6
Armour         | 1 3 5 6 7 9 10 11 | 11.7
Evocations     | 1 4 5 7 8 9 10 | 10.6
Invocations    | 3 5 7 8 |  8.0
Shields        | 4 6 8 9 |  9.8
Throwing       | 3 5 |  5.0
Stealth        | |  2.4
Transmutations | |  1.1

Action                   |  1- 3 |  4- 6 |  7- 9 | 10-12 | 13-15 || total
-------------------------+-------+-------+-------+-------+-------++-------
Melee: Short sword       |    30 |     4 |       |       |       ||    34
       Unarmed           |     3 |       |       |       |       ||     3
       Club              |       |   131 |   286 |   191 |       ||   608
       Punch             |       |     1 |     1 |     2 |       ||     4
       Demon whip        |       |       |       |   192 |       ||   192
       Trident           |       |       |       |    53 |   980 ||  1033
       Scimitar          |       |       |       |       |    53 ||    53
Throw: Dart              |       |       |     1 |     2 |       ||     3
       Boomerang         |       |       |       |       |     6 ||     6
 Cast: Sting             |    52 |    34 |    32 |    18 |     1 ||   137
       Olgreb's Toxic Ra |       |     6 |    21 |   103 |    90 ||   220
       Mephitic Cloud    |       |       |       |     6 |       ||     6
Invok: Heroism           |       |       |       |     2 |    32 ||    34
       Finesse           |       |       |       |       |     1 ||     1
 Abil: Dig               |       |       |       |       |     1 ||     1
Evoke: Wand              |       |       |     2 |    27 |     3 ||    32
       Piece from Xom's  |       |       |       |       |     2 ||     2
  Use: Potion            |       |       |     1 |     3 |     7 ||    11
       Scroll            |       |       |     8 |     5 |    14 ||    27
 Stab: Sleeping          |     2 |     3 |       |       |    12 ||    17
       Distracted        |       |       |     2 |       |     1 ||     3
       Confused          |       |       |       |     3 |       ||     3
       Petrified         |       |       |       |       |     3 ||     3
Armor: Robe              |    11 |    43 |     8 |       |       ||    62
       Ring mail         |       |       |   179 |    97 |       ||   276
       Troll leather arm |       |       |       |    80 |   356 ||   436
       Scale mail        |       |       |       |     2 |       ||     2
Dodge: Dodged            |    52 |   118 |   205 |   371 |   863 ||  1609
Block: Buckler           |       |       |       |   139 |   520 ||   659
